 Dungeon Crawl Stone Soup version 0.22.1-1-ga44c0e5 (webtiles) character file.

81 Fang the Skirmisher (level 4, -2/43 HPs)
             Began as a Gargoyle Berserker on Oct 30, 2018.
             Was a Believer of Trog.
             Slain by a worm (8 damage)
             ... on level 2 of the Dungeon.
             The game lasted 00:01:59 (1398 turns).

Fang the Skirmisher (Gargoyle Berserker)            Turns: 1398, Time: 00:02:00

Health: -2/43      AC:  5    Str: 26    XL:     4   Next: 40%
Magic:  13/13      EV: 12    Int:  8    God:    Trog [**....]
Gold:   127        SH:  0    Dex:  9    Spells: 3/3 levels left

rFire    . . .     SeeInvis .   a - +0 hand axe
rCold    . . .     Gourm    .   (no shield)
rNeg     + . .     Faith    .   b - +0 animal skin
rPois    ∞         Spirit   .   (no helmet)
rElec    +         Reflect  .   (no cloak)
rCorr    .         Harm     .   (no gloves)
MR       .....                  (no boots)
Stlth    ..........             (no amulet)
HPRegen  0.14/turn              j - ring of magical power
MPRegen  0.13/turn              (no ring)

@: berserking, very quick
A: negative energy resistance 1, electricity resistance, unbreathing,
petrification resistance, rot immunity, AC +3
a: Berserk, Trog's Hand, Renounce Religion


You were on level 2 of the Dungeon.
You worshipped Trog.
Trog was pleased with you.
You were near starving.

You visited 1 branch of the dungeon, and saw 2 of its levels.

You collected 127 gold pieces.

Inventory:

Hand Weapons
 a - a +0 hand axe (weapon)
Armour
 b - a +0 animal skin (worn)
Jewellery
 j - a ring of magical power (left hand)
Scrolls
 d - a scroll of identify {unknown}
 e - a scroll of blinking {unknown}
 h - a scroll of fog {unknown}
 i - a scroll of remove curse {unknown}
 k - 2 scrolls of teleportation {unknown}
 n - a scroll of enchant armour {unknown}
Potions
 f - a potion of heal wounds {unknown}
 g - a potion of agility {unknown}
 l - a potion of might {unknown}
 m - a potion of flight {unknown}
Comestibles
 c - 4 rations
 o - a chunk of flesh


   Skills:
 + Level 4.2 Fighting
 + Level 3.5 Axes
 + Level 2.5 Armour
 + Level 2.0 Dodging
 + Level 0.3 Stealth


You had 3 spell levels left.
You didn't know any spells.
Your spell library was empty.

Dungeon Overview and Level Annotations

Branches:
Dungeon (2/15)

Altars:


Innate Abilities, Weirdness & Mutations

You are resistant to torment.
Your stone body is resilient. (AC +3)
You are immune to poison.
You resist negative energy. (rN+)
You are resistant to electric shocks. (rElec)
You can survive without breathing.
You are immune to petrification.
You are immune to rotting.


Message History

You are too injured to fight recklessly!
A red film seems to cover your vision as you go berserk!
You feel yourself moving faster!
You feel mighty!
You are near starving!
You barely miss the worm.
The worm is heavily wounded.
You slash the worm! The worm bites you but does no damage. The worm bites you!
* * * LOW HITPOINT WARNING * * *
Unknown command.
You hit the worm.
The worm is severely wounded.
You slash the worm!
Unknown command.
You completely miss the worm.
The worm is severely wounded.
You slash the worm!
You kill the worm!
Trog accepts your kill. The worm bites you!
You die...

##. ####.## #.#
... #######>.....
..
.#..#....##....).
..
....#....##......
.##
#...............
.(
.##....######## #
#( .##....#
#.#)##.##....#
#..w@..##(...#
####.####....#
#.........#
###########


You could see a worm.

Vanquished Creatures
  Terence (D:2)
  2 adders (D:2)
  A worm (D:2)
  4 dart slugs (D:1)
  A leopard gecko (D:1)
  A ball python (D:2)
  3 bats
  A giant cockroach (D:1)
  A goblin (D:2)
  4 hobgoblins
  5 kobolds
  A quokka (D:2)
  A rat (D:2)
26 creatures vanquished.

Notes
Turn   | Place    | Note
-------+----------+-------------------------------------------
     0 | D:1      | Fang the Gargoyle Berserker began the quest for the Orb.
     0 | D:1      | Reached XP level 1. HP: 14/14 MP: 1/1
   167 | D:1      | Reached XP level 2. HP: 19/19 MP: 2/2
   727 | D:2      | Noticed Terence
   737 | D:2      | Killed Terence
   737 | D:2      | Reached skill level 4 in Fighting
   737 | D:2      | Reached XP level 3. HP: 14/24 MP: 3/3
  1014 | D:2      | Reached XP level 4. HP: 11/29 MP: 4/4
  1390 | D:2      | Reached ** piety under Trog
  1398 | D:2      | Slain by a worm

Skill      XL: |  1  2  3  4 |
---------------+-------------+-----
Axes           | 3 |  3.5
Fighting       | 4 |  4.2
Dodging        | 2 |  2.0
Armour         | |  2.5
Stealth        | |  0.3

Action                   |  1- 3 |  4- 6 || total
-------------------------+-------+-------++-------
Melee: Hand axe          |    59 |    37 ||    96
Invok: Berserk           |     1 |     1 ||     2
 Stab: Distracted        |       |     1 ||     1
  Eat: Chunk             |     1 |     1 ||     2
Armor: Animal skin       |    22 |     9 ||    31
Dodge: Dodged            |    41 |    16 ||    57
